Map: Astillero orbital

Players

xXkazperXx - Winner!

  • Race: Zerg Zerg

Nix

  • Race: Zerg Zerg
  • League: Bronze

VOD

Have the link to the VOD?

Description

Time

  • Played on: March 12, 2016, 7:58 p.m.
  • Length: 2:51
Show
View Real Time Build Order
Export as new Build Order

xXkazperXx Zerg - Winner!

Build Orders: Pool Only 

Get SALT Encoding   

  12  0:02  Drone  
  13  0:11  Drone  
  14  0:18  Overlord  
  14  0:31  Extractor  
  13  0:38  Spawning Pool  
  13  0:42  Drone  
  13  0:44  Drone  
  14  0:52  Overlord  
  14  1:00  Drone  
  15  1:36  Zergling x6  
  15  1:53  Queen  
  15  2:11  Zergling x6  
  15  2:29  Zergling x2  
  15  2:38  Extractor  
Show
View Real Time Build Order
Export as new Build Order

Nix Zerg 

Build Orders: Pool Only 

Get SALT Encoding   

  12  0:21  Spawning Pool  
  11  0:53  Drone x2  
  13  1:04  Drone  
Tags
 
Add a new tag
Caveats
  • Supply blocks, unpowered buildings, or Contaminate may cause inaccurate times.
  • Supply counts are checked every 10 seconds.